Map: [EWC] Alcyone

Players

Serral - Winner!

  • Race: Zerg Zerg
  • Spawn Location: 1:00

Maru

  • Race: Terran Terran
  • Spawn Location: 7:00

VOD

Have the link to the VOD?

Description

Time

  • Played on: Sept. 9, 2024, 1:38 p.m.
  • Length: 111:34
Show
View Real Time Build Order
Export as new Build Order

Serral Zerg - Winner!

Build Orders: Hatch First 

Get SALT Encoding   

  12  0:00  Drone  
  13  0:12  Overlord  
  13  0:17  Drone  
  14  0:31  Drone x2  
  16  0:47  Hatchery  
  15  0:51  Drone  
  15  0:54  Drone  
  17  0:57  Drone  
  18  1:08  Extractor  
  17  1:12  Spawning Pool  
  17  1:15  Drone  
  17  1:19  Drone  
  18  1:28  Drone  
  19  1:40  Drone  
  20  1:51  Drone  
  21  1:59  Queen x2  
  21  2:00  Zergling x4  
  27  2:11  Overlord, Drone  
  28  2:20  Hatchery  
  27  2:27  Drone  
  28  2:30  Drone  
  28  2:32  Drone  
  28  2:37  Spore Crawler  
  29  2:39  Queen  
  32  2:44  Metabolic Boost  
  32  2:47  Overlord  
  32  2:50  Drone  
  33  2:52  Drone  
  33  2:55  Drone  
  33  2:56  Drone  
  36  3:06  Queen  
  36  3:07  Overlord  
  38  3:13  Drone x3  
  38  3:16  Drone  
  38  3:19  Drone  
  43  3:25  Queen  
  43  3:26  Drone x2  
  47  3:33  Queen  
  49  3:35  Overlord  
  49  3:44  Drone x5  
  49  3:48  Overlord  
  54  3:53  Zergling x4  
  56  3:57  Zergling x2  
  56  3:58  Drone x3  
  56  4:01  Drone  
  61  4:03  Queen  
  61  4:07  Overlord  
  61  4:09  Overlord  
  63  4:14  Queen  
  63  4:15  Drone  
  66  4:17  Drone  
  66  4:19  Zergling x2  
  66  4:20  Drone  
  66  4:21  Drone  
  66  4:22  Drone  
  71  4:25  Drone x2  
  73  4:33  Lair  
  73  4:34  Drone  
  73  4:36  Drone  
  75  4:39  Drone x3, Queen  
  75  4:44  Drone x2  
  82  4:51  Hatchery  
  81  4:54  Extractor, Drone x2  
  81  4:56  Baneling Nest  
  81  4:58  Spore Crawler  
  81  4:59  Spore Crawler, Drone x2  
  81  5:02  Overlord  
  81  5:05  Zergling x2  
  82  5:10  Overlord  
  82  5:12  Overlord  
  82  5:15  Spore Crawler  
  82  5:17  Drone  
  82  5:18  Extractor  
  82  5:19  Overlord  
  82  5:20  Drone  
  82  5:22  Drone x7  
  82  5:24  Drone, Extractor  
  82  5:26  Extractor  
  89  5:28  Drone x3  
  89  5:30  Overseer  
  89  5:31  Overseer  
  89  5:34  Drone x3  
  94  5:37  Evolution Chamber  
  94  5:38  Evolution Chamber  
  92  5:44  Overlord  
  92  5:45  Drone x2  
  92  5:47  Drone  
  92  5:48  Drone  
  96  5:50  Drone  
  96  5:54  Drone x2  
  96  5:55  Drone x2  
  98  6:00  Drone x2  
  99  6:06  Centrifugal Hooks  
  99  6:08  Zerg Melee Weapons Level 1, Zerg Ground Armor Level 1  
  99  6:09  Drone  
  99  6:10  Drone x3  
  99  6:11  Drone x2  
  104  6:16  Hydralisk Den  
  104  6:17  Queen  
  104  6:23  Zergling x8  
  108  6:29  Spore Crawler, Drone x3  
  108  6:30  Zergling x2  
  108  6:32  Hatchery  
  110  6:34  Zergling x12  
  116  6:40  Baneling x8  
  116  6:45  Drone x2  
  116  6:46  Muscular Augments, Overlord x2  
  118  6:50  Zergling x2  
  118  6:51  Zergling x10  
  118  6:52  Zergling x2  
  125  6:54  Overlord  
  125  6:55  Overlord  
  125  7:04  Overlord  
  125  7:09  Zergling x18  
  125  7:14  Hatchery  
  134  7:18  Overlord  
  134  7:23  Overlord  
  134  7:26  Drone  
  134  7:27  Overseer  
  134  7:31  Spore Crawler  
  134  7:33  Drone x2, Hydralisk x11  
  157  7:48  Hydralisk x2  
  157  7:49  Zergling x12  
  157  7:50  Grooved Spines  
  167  8:01  Zergling x10  
  167  8:02  Zergling x8  
  167  8:03  Zerg Missile Weapons Level 1  
  177  8:05  Drone x3  
  177  8:08  Hatchery  
  177  8:11  Baneling x9  
  178  8:16  Overseer  
  178  8:17  Overseer  
  178  8:19  Overlord x3  
  178  8:22  Baneling  
  178  8:23  Baneling x4  
  178  8:26  Zerg Ground Armor Level 2  
  178  8:27  Drone x3  
  178  8:28  Extractor, Drone  
  178  8:30  Overlord x2  
  178  8:33  Extractor  
  180  8:36  Extractor  
  180  8:37  Drone x11  
  180  8:38  Drone  
  191  8:41  Burrow, Infestation Pit  
  191  8:47  Drone x2  
  189  8:58  Lurker Den, Hatchery  
  189  9:00  Zergling x26  
  200  9:13  Baneling x4  
  200  9:17  Overlord  
  200  9:18  Overlord  
  200  9:20  Pneumatized Carapace, Hive  
  199  9:28  Hatchery  
  198  9:35  Evolution Chamber  
  197  9:40  Zergling x6  
  200  9:53  Spire  
  200  9:56  Hatchery  
  200  9:58  Zerg Missile Weapons Level 2  
  199  10:14  Drone x2  
  179  10:25  Zergling x14  
  179  10:26  Zergling x36, Unknown  
  179  10:27  Hydralisk x2  
  173  10:32  Zerg Melee Weapons Level 2, Viper x2  
  173  10:33  Viper  
  182  10:36  Seismic Spines  
  182  10:37  Drone x4  
  186  10:44  Drone  
  186  10:46  Baneling x6  
  186  10:47  Baneling x11  
  186  10:49  Zerg Ground Armor Level 3  
  187  10:52  Drone x2  
  187  10:53  Drone x2  
  191  10:59  Zergling x18  
  191  11:01  Baneling x9  
  199  11:07  Greater Spire  
  199  11:12  Adrenal Glands  
  199  11:29  Unknown  
  199  11:32  Drone  
  199  11:33  Adaptive Talons  
  182  11:57  Zergling x42  
  182  12:00  Infestor  
  200  12:07  Overseer  
  200  12:09  Overseer  
  200  12:11  Overseer x2  
  200  12:12  Nydus Network  
  199  12:16  Baneling x15  
  199  12:17  Baneling x2  
  199  12:22  Baneling x2  
  199  12:23  Baneling x2  
  199  12:25  Extractor x2  
  199  12:29  Zerg Flyer Weapons Level 1  
  197  12:34  Zergling x6  
  200  12:52  Zerg Missile Weapons Level 3, Zerg Melee Weapons Level 3  
  189  13:07  Zergling x22  
  189  13:10  Zergling x8  
  199  13:36  Baneling x11  
  192  13:49  Zergling x16  
  198  14:17  Ultralisk Cavern  
  192  14:23  Zerg Flyer Armor Level 1  
  192  14:24  Zergling x40  
  190  14:39  Zergling x20  
  194  15:05  Chitinous Plating  
  194  15:06  Zergling x36  
  200  15:12  Baneling x10  
  200  15:19  Zergling x18  
  171  15:36  Zergling x46  
  189  15:43  Baneling x3  
  189  16:17  Zerg Flyer Weapons Level 2  
  189  16:24  Anabolic Synthesis  
  189  27:48  Overlord  
  189  27:49  Overlord  
  189  27:50  Overlord x3, Drone  
  189  27:51  Overlord x3  
  189  27:52  Overlord x3  
  189  27:53  Overlord x4  
  189  27:54  Overlord x3  
  189  27:55  Overlord x4  
  189  27:56  Zergling x2  
  189  27:57  Zergling x8  
  189  27:58  Zergling x8  
  189  27:59  Zergling x6  
  189  28:00  Zergling x8  
  189  28:01  Zergling x8  
  189  28:02  Zergling x4  
  189  28:34  Viper  
  189  28:35  Viper x2  
  189  28:36  Viper x3  
  189  32:08  Infestation Pit  
  189  32:16  Hydralisk Den  
  189  32:21  Hydralisk Den  
  189  32:25  Hatchery  
  189  32:29  Hatchery  
  189  32:54  Hatchery  
  189  32:57  Hatchery  
  189  32:59  Hatchery  
  189  33:00  Spawning Pool  
  189  33:02  Spawning Pool  
  189  33:04  Spawning Pool  
  189  33:06  Spawning Pool  
  189  33:10  Hatchery  
  189  33:41  Hatchery  
  189  33:44  Hatchery  
  189  33:54  Hatchery  
  189  34:04  Spore Crawler  
  189  34:05  Hatchery  
  189  34:07  Hatchery  
  189  34:08  Hatchery  
  189  34:10  Hatchery  
  189  34:12  Spawning Pool  
  189  34:14  Spawning Pool  
  189  39:20  Nydus Canal  
  189  41:32  Hydralisk  
  189  41:33  Hydralisk x33  
  189  41:43  Hydralisk x26  
  189  82:45  Spore Crawler x2  
  189  82:46  Spore Crawler  
  189  82:47  Spore Crawler  
  189  82:48  Spore Crawler x3  
  189  82:49  Spore Crawler  
  189  82:50  Spore Crawler  
  189  82:51  Spore Crawler x3  
  189  82:52  Spore Crawler x2  
  189  82:53  Spore Crawler x5  
  189  82:56  Spore Crawler  
  189  82:57  Spore Crawler x2  
  189  83:15  Queen  
  189  84:43  Neural Parasite  
  189  86:14  Spore Crawler x2  
  189  86:37  Spore Crawler  
  189  89:22  Queen  
  189  92:14  Overlord x3, Hydralisk  
  189  92:16  Drone  
  189  92:19  Zergling x6  
  189  92:20  Zergling x6  
  189  92:37  Lurker  
  189  93:24  Queen  
  189  96:59  Drone  
  189  97:00  Drone x15  
  189  97:01  Drone x2  
  189  97:10  Hydralisk  
  189  97:17  Hydralisk  
  189  97:18  Hydralisk  
  189  97:20  Hydralisk  
  189  97:21  Hydralisk  
  189  97:23  Hydralisk x2  
  189  97:26  Hydralisk  
  189  97:27  Hydralisk x3  
  189  98:18  Hydralisk  
  189  98:30  Extractor  
  189  98:32  Extractor, Lurker  
  189  98:49  Lurker  
  189  99:17  Hatchery  
  189  100:18  Mutalisk  
  189  100:19  Mutalisk x9  
  189  100:20  Mutalisk x6  
  189  104:07  Infestor  
  189  104:08  Infestor x3  
  189  104:12  Infestor x2  
  189  104:24  Infestor x4  
  189  105:18  Infestor x10  
  189  106:12  Corruptor x4  
  189  106:46  Brood Lord  
  189  106:47  Brood Lord  
  189  106:48  Brood Lord x2  
  189  107:02  Hydralisk x3  
  189  107:30  Lurker  
  189  107:31  Lurker  
  189  107:32  Lurker  
Show
View Real Time Build Order
Export as new Build Order

Maru Terran 

Build Orders: Reaper Expand, Hellion Banshee 

Get SALT Encoding   

  12  0:00  SCV  
  13  0:12  SCV  
  14  0:17  Supply Depot  
  14  0:24  SCV  
  15  0:38  SCV  
  15  0:40  Barracks  
  15  0:42  Refinery  
  16  0:50  SCV  
  17  1:03  SCV  
  18  1:15  SCV  
  19  1:26  Reaper  
  19  1:27  Orbital Command  
  20  1:37  Command Center  
  20  1:46  Supply Depot  
  20  1:53  SCV  
  21  1:58  Marine  
  22  2:05  SCV  
  23  2:10  Factory  
  23  2:17  SCV  
  23  2:20  Barracks Reactor  
  24  2:29  SCV  
  25  2:41  SCV  
  25  2:42  Command Center  
  26  2:52  Orbital Command  
  26  2:53  SCV  
  26  2:56  Starport  
  27  3:03  Refinery  
  27  3:05  SCV  
  28  3:08  Marine  
  31  3:13  Hellion x2  
  31  3:17  SCV  
  34  3:20  SCV  
  35  3:27  Barracks Tech Lab  
  35  3:29  SCV  
  35  3:32  SCV  
  37  3:36  Hellion x2  
  41  3:41  SCV  
  41  3:44  SCV  
  43  3:48  Banshee  
  43  3:49  Refinery  
  43  3:53  Cloaking Field, Supply Depot  
  43  3:54  SCV  
  48  4:00  Orbital Command  
  48  4:02  SCV  
  48  4:06  SCV  
  48  4:08  Hellion x2  
  53  4:14  SCV  
  53  4:15  Barracks Tech Lab  
  54  4:19  SCV  
  54  4:21  Supply Depot  
  55  4:26  SCV  
  55  4:28  SCV  
  55  4:31  SCV  
  58  4:32  Banshee  
  58  4:34  Marine, Stimpack  
  58  4:38  SCV  
  63  4:40  SCV  
  63  4:41  Factory Reactor  
  63  4:45  SCV  
  65  4:46  Supply Depot  
  65  4:48  Orbital Command  
  65  4:50  SCV, Barracks  
  65  4:52  Barracks  
  66  4:55  Marine  
  66  4:57  SCV  
  68  5:02  SCV  
  68  5:03  Engineering Bay  
  68  5:04  Engineering Bay  
  69  5:09  SCV  
  69  5:11  Supply Depot  
  69  5:13  Marine  
  69  5:14  SCV x2  
  73  5:21  SCV  
  73  5:23  Barracks x2  
  73  5:24  Starport Reactor  
  73  5:25  Refinery  
  73  5:26  SCV  
  73  5:27  SCV  
  76  5:31  Terran Infantry Weapons Level 1, Terran Infantry Armor Level 1  
  76  5:33  SCV  
  76  5:35  Supply Depot  
  77  5:38  SCV  
  77  5:40  Marine x3  
  81  5:43  SCV  
  81  5:47  Siege Tank  
  81  5:48  SCV  
  86  5:50  SCV  
  86  5:55  Marine x2  
  86  5:58  Marine x2  
  86  5:59  SCV  
  86  6:01  Medivac  
  86  6:02  Medivac  
  94  6:04  SCV  
  94  6:06  Marine  
  94  6:10  SCV  
  94  6:11  SCV  
  97  6:12  Supply Depot x2  
  97  6:13  Marine x2, Barracks Reactor x2  
  97  6:16  SCV  
  97  6:17  Combat Shield  
  100  6:22  SCV  
  101  6:26  Supply Depot  
  101  6:27  Supply Depot  
  101  6:33  Marine x3  
  101  6:34  Marine x2, SCV x2, Siege Tank  
  101  6:37  Medivac x2  
  115  6:40  Supply Depot, Refinery, SCV  
  115  6:42  Refinery  
  115  6:46  Armory  
  116  6:50  SCV  
  116  6:51  Marine  
  116  6:53  Command Center  
  116  6:54  Marine  
  118  6:55  SCV  
  118  6:56  SCV  
  118  6:57  Marine  
  122  7:02  SCV  
  122  7:07  SCV  
  122  7:08  Supply Depot, SCV  
  125  7:09  Siege Tank  
  125  7:11  Medivac x2  
  125  7:14  SCV  
  132  7:19  Marine x2, SCV, Factory  
  132  7:20  SCV  
  136  7:26  Marine, SCV  
  136  7:27  Marine x2  
  140  7:37  Barracks  
  140  7:38  Barracks x2, Terran Infantry Weapons Level 2, Terran Infantry Armor Level 2  
  140  7:39  SCV  
  141  7:48  Marine x2  
  141  7:49  Siege Tank  
  145  7:51  Supply Depot  
  145  7:55  SCV  
  146  8:01  SCV x2  
  148  8:07  SCV, Factory Reactor  
  148  8:08  Command Center  
  148  8:09  Drilling Claws  
  149  8:19  Supply Depot x2, Marine x2  
  153  8:20  Marauder  
  153  8:21  Siege Tank  
  153  8:22  SCV x3  
  159  8:27  Barracks Tech Lab x2  
  159  8:28  Barracks Tech Lab  
  159  8:30  Factory Tech Lab  
  159  8:32  Terran Vehicle Weapons Level 1  
  159  8:41  Planetary Fortress  
  159  8:43  Supply Depot  
  159  8:47  Concussive Shells, Marauder, Missile Turret  
  159  8:48  Marauder x2  
  165  8:51  Ghost Academy  
  165  8:52  Refinery, Supply Depot  
  165  8:53  Siege Tank  
  165  8:54  Refinery  
  165  8:55  Marine x3, Marauder  
  173  8:56  Siege Tank  
  176  9:04  Missile Turret  
  176  9:05  SCV x2  
  176  9:07  SCV  
  176  9:08  Marauder  
  176  9:09  Sensor Tower  
  181  9:15  Command Center  
  181  9:22  Ghost  
  181  9:23  Ghost  
  185  9:24  Missile Turret  
  185  9:25  Siege Tank  
  185  9:27  Command Center  
  188  9:33  Ghost x2  
  188  9:34  Personal Cloaking  
  192  9:41  Siege Tank  
  195  9:46  Missile Turret  
  195  9:56  Planetary Fortress  
  195  9:57  Siege Tank  
  198  10:03  Sensor Tower  
  198  10:06  Ghost  
  200  10:13  Factory  
  200  10:18  Orbital Command  
  200  10:19  Orbital Command  
  200  10:20  Orbital Command, Missile Turret  
  195  10:21  Missile Turret  
  195  10:22  Siege Tank  
  195  10:25  Ghost  
  195  10:26  Marine x3  
  165  10:29  Siege Tank  
  165  10:35  Command Center, Sensor Tower  
  168  10:37  Refinery x2  
  168  10:39  Orbital Command, Terran Infantry Weapons Level 3  
  168  10:40  Command Center  
  168  10:46  Marine x2  
  168  10:47  Marine x3, Marauder x3  
  176  10:54  Marauder, Widow Mine  
  176  10:56  Planetary Fortress  
  180  11:01  Factory Reactor  
  180  11:07  Sensor Tower  
  180  11:11  Terran Infantry Armor Level 3  
  180  11:14  Armory  
  180  11:20  Ghost  
  180  11:21  Ghost  
  184  11:30  Siege Tank, Missile Turret  
  184  11:31  Missile Turret  
  187  11:35  Ghost  
  182  11:56  Command Center, Terran Vehicle Weapons Level 2  
  182  11:59  Ghost x3  
  188  12:06  Sensor Tower  
  188  12:10  Terran Vehicle And Ship Armor Level 1  
  188  12:16  Planetary Fortress  
  188  12:19  Orbital Command  
  188  12:21  Nuke  
  188  12:23  Ghost, Command Center  
  190  12:31  Refinery, Missile Turret  
  190  12:35  Missile Turret  
  190  12:45  Command Center x2  
  190  12:50  Command Center  
  190  12:52  Missile Turret  
  190  12:55  Command Center  
  185  13:14  Sensor Tower  
  185  13:16  Neosteel Armor  
  185  13:21  Command Center x2  
  185  13:28  Infernal Pre-Igniter  
  185  13:44  Siege Tank x2, Hellbat  
  189  13:53  Hellbat  
  187  13:59  Planetary Fortress  
  185  14:03  Sensor Tower  
  185  14:04  Hi-Sec Auto Tracking  
  185  14:08  Hellbat  
  187  14:12  Orbital Command  
  187  14:14  Orbital Command x2, Hellbat  
  187  14:15  Factory  
  187  14:16  Factory, Siege Tank x2  
  195  14:21  Medivac  
  195  14:22  Medivac  
  179  14:29  Ghost x4, Marine  
  179  14:30  SCV x2  
  183  14:39  Terran Vehicle And Ship Armor Level 2, Terran Vehicle Weapons Level 3  
  183  14:48  Siege Tank  
  183  14:49  Hellbat x2, Orbital Command  
  190  14:56  Missile Turret  
  185  15:00  Medivac  
  185  15:01  Medivac  
  185  15:03  Marine x2  
  185  15:04  Marine x2, Marauder x4  
  178  15:21  Marine x4  
  178  15:25  Marauder x2  
  178  15:26  Marauder x2  
  189  15:30  Medivac  
  189  15:31  Medivac  
  189  15:35  Marine x4  
  176  15:39  Marine x2  
  181  15:46  Ghost x4  
  181  15:47  Siege Tank x2  
  199  15:48  Hellbat x2  
Tags
 
Composition
Hellion Banshee
Matchup
TvZ
Replay Pack
ee
Spawn Locations
Cross Positions
Add a new tag
Caveats
  • Supply blocks, unpowered buildings, or Contaminate may cause inaccurate times.
  • Supply counts are checked every 10 seconds.